 Dungeon Sprint DCSS version 0.27.1 (webtiles) character file.

Game seed: 7345525493020341993

4215 styxcanada the Imperceptible (level 10, -6/55 HPs)
             Began as a Spriggan Brigand on Aug 22, 2021.
             Was an Initiate of Gozag.
             Splashed by an oklob plant summoner's acid (12 damage)
             ... in the Dungeon (Sprint IV: "Fedhas' Mad Dash").
             The game lasted 00:07:11 (1086 turns).

styxcanada the Imperceptible (Spriggan Brigand)     Turns: 1086, Time: 00:07:14

Health: -6/55      AC:  6    Str:  7    XL:     10   Next: 9%
Magic:  10/11      EV: 25    Int: 13    God:    Gozag
Gold:   1235       SH:  6    Dex: 20    Spells: 9/9 levels left

rFire    + . .     SeeInvis +   a - +2 dagger
rCold    + . .     Faith    .   n - +0 buckler
rNeg     . . .     Spirit   .   b - +0 robe
rPois    .         Reflect  .   (helmet restricted)
rElec    .         Harm     .   u - scarf {rC+ rF+}
rCorr    .         Rampage  .   (gloves unavailable)
Will     +....     NoTele   +   (boots unavailable)
Stlth    +++++++++.             m - amulet of invisibility {+Inv}
HPRegen  0.18/turn              y - +4 ring of protection
MPRegen  0.12/turn              (no ring)

@: gold aura, very slightly contaminated, very quick
A: very small, no large weapons, unfitting armour, see invisible, speed 3
a: Renounce Religion, Evoke Invisibility, Potion Petition, Call Merchant, Bribe
Branch


You were in the Dungeon.
You worshipped Gozag.
Gozag was most pleased with you.
You visited 1 branch You collected 1682 gold pieces.
You spent 447 gold pieces at shops.

Inventory:

Hand Weapons
 a - a +2 dagger (weapon)
 t - a +2 shortbow of freezing
Missiles
 d - 17 poisoned darts (quivered)
 e - 2 curare-tipped darts
Armour
 b - a +0 robe (worn)
 c - a +0 cloak
 n - a +0 buckler (worn)
 u - a scarf of resistance (worn)
Magical Staves
 x - a staff of fire
Jewellery
 m - the amulet of invisibility (around neck) {+Inv}
   (You found it in the Dungeon)

   [amulet of nothing]

   +Inv:      It lets you turn invisible.
 y - a +4 ring of protection (left hand)
Scrolls
 j - a scroll of magic mapping {unknown}
 k - a scroll of blinking
 l - a scroll of vulnerability {unknown}
 q - 2 scrolls of torment
 r - a scroll of immolation {unknown}
 s - a scroll of enchant weapon {unknown}
 z - a scroll of amnesia {unknown}
Potions
 f - 3 potions of curing
 g - 2 potions of heal wounds
 h - a potion of haste
 i - 2 potions of magic
 p - a potion of brilliance
 v - a potion of might


   Skills:
 * Level 7.1 Fighting
 + Level 6.1 Short Blades
 + Level 5.6 Throwing
 * Level 11.0 Dodging
 * Level 24.4 Stealth
 + Level 9.3 Evocations


You had 9 spell levels left.
You didn't know any spells.
Your spell library contained the following spells:

 Spells                   Type           Power      Damage    Failure   Level
 Gell's Gravitas          Tloc           0%         N/A       83%         3
 Lesser Beckoning         Tloc           0%         N/A       83%         3
 Teleport Other           Tloc           0%         N/A       83%         3


Dungeon Overview and Level Annotations

Branches:
Dungeon (1/1)

Altars:
Cheibriados
Dithmenos
Elyvilon
Gozag
Hepliaklqana
Kikubaaqudgha
Makhleb
Nemelex Xobeh
Okawaru
Qazlal
Ru
Sif Muna
Trog
Uskayaw
Vehumet
Wu Jian
Xom
Yredelemnul
Zin
The Shining One
Beogh
Jiyva
Lugonu

Shops:
D *:[!

Annotations:
D exclusion: oklob plant


Innate Abilities, Weirdness & Mutations

You are very small and have problems with some larger weapons.
You are too small for most types of armour.
You have supernaturally acute eyesight. (SInv)
You cover ground extremely quickly. (Speed+++)


Message History

You have reached level 10!
You feel clever.
You hit the oklob plant summoner but do no damage.
You hit the oklob plant summoner.
The oklob plant summoner is lightly damaged.
You hit the oklob plant summoner but do no damage.
The oklob plant summoner is lightly damaged.
You hit the oklob plant summoner but do no damage.
The oklob plant summoner is lightly damaged.
The oklob plant summoner casts a spell.
The oklob plant summoner spits acid past the fungus.
You see here a +1 dagger of venom.
You see here 5 gold pieces.
You hit the oklob plant shifter but do no damage.
You flicker for a moment.
The crimson imp hits you but does no damage.
You strike the helpless oklob plant shifter from behind!
You spit the oklob plant shifter like a pig!!!
You destroy the oklob plant shifter!
The crimson imp misses you.
Your Dodging skill increases to level 11!
You see here 45 gold pieces.
You hit the oklob plant summoner but do no damage.
The oklob plant summoner spits acid at you.
You block the splash of acid.
You completely miss the oklob plant summoner.
The crimson imp barely misses you.
You hit the oklob plant summoner but do no damage.
You hit the oklob plant summoner but do no damage.
The crimson imp completely misses you.
You hit the oklob plant summoner but do no damage.
You flicker back into view.
You block the crimson imp's attack.
You completely miss the oklob plant summoner.
The oklob plant summoner spits acid at you.
The splash of acid hits you!
* * * LOW HITPOINT WARNING * * *
You are splashed with acid!
You die...
Your body crumbles into a pile of gold.

._._.⌠.#..'.))#....##∩#
_._._..'..#...#....'..#
._._...#..###'##...##∩#$$
_._._..#.)##∩∩.'...####
._._.⌠.#############
############..$.$$#
.♣.###.'..'.....)$+
..♣##..#..#.P...5$#
♣).###.##+##.P.P@.#
..♣'..!# ########
########


You could see an oklob plant summoner and a crimson imp (summoned).

Vanquished Creatures
  A spriggan druid (D)
  5 oklob plants (D)
  3 wandering mushrooms (D)
  3 burning bushes (D)
  A queen bee (D)
  3 scorpions (D)
  4 killer bees (D)
  5 oklob saplings (D)
  2 spriggans (D)
  A river rat (D)
  A rat (D)
  A ballistomycete spore (D)
30 creatures vanquished.

Vanquished Creatures (others)
  A fungus (D)
1 creature vanquished.

Grand Total: 31 creatures vanquished

Notes
Turn   | Place    | Note
-------+----------+-------------------------------------------
     0 | D        | styxcanada the Spriggan Brigand began the quest for the
                  | Orb.
     0 | D        | Reached XP level 1. HP: 10/10 MP: 2/2
    18 | D        | Reached skill level 8 in Stealth
    18 | D        | Reached XP level 2. HP: 12/15 MP: 3/3
    76 | D        | Noticed an oklob sapling
    81 | D        | Killed an oklob sapling
    82 | D        | Reached skill level 9 in Stealth
    82 | D        | Reached XP level 3. HP: 18/18 MP: 4/4
   217 | D        | Noticed a scorpion
   217 | D        | Found the amulet of invisibility {+Inv}
   229 | D        | Killed a scorpion
   230 | D        | Reached skill level 12 in Stealth
   230 | D        | Reached XP level 4. HP: 23/23 MP: 5/5
   273 | D        | Found an opulent altar of Gozag.
   273 | D        | Found a hazy altar of Hepliaklqana.
   273 | D        | Found a burning altar of Makhleb.
   273 | D        | Found a sparkling altar of Nemelex Xobeh.
   273 | D        | Found a snail-covered altar of Cheibriados.
   273 | D        | Found a sacrificial altar of Ru.
   273 | D        | Found a shimmering blue altar of Sif Muna.
   273 | D        | Found a shimmering altar of Xom.
   273 | D        | Found a basalt altar of Yredelemnul.
   274 | D        | Found a viscous altar of Jiyva.
   274 | D        | Found a bloodstained altar of Trog.
   274 | D        | Found an ornate altar of the Wu Jian Council.
   275 | D        | Found an iron altar of Okawaru.
   275 | D        | Found a shadowy altar of Dithmenos.
   275 | D        | Found a glowing silver altar of Zin.
   276 | D        | Found an ancient bone altar of Kikubaaqudgha.
   276 | D        | Found a hide-covered altar of Uskayaw.
   277 | D        | Found a stormy altar of Qazlal.
   277 | D        | Found a white marble altar of Elyvilon.
   277 | D        | Found a glowing golden altar of the Shining One.
   278 | D        | Became a worshipper of Gozag Ym Sagoz the Greedy
   279 | D        | Found a corrupted altar of Lugonu.
   279 | D        | Found a radiant altar of Vehumet.
   283 | D        | Reached skill level 13 in Stealth
   283 | D        | Reached XP level 5. HP: 28/28 MP: 3/6
   337 | D        | Reached skill level 5 in Dodging
   337 | D        | Reached skill level 14 in Stealth
   337 | D        | Reached skill level 1 in Evocations
   344 | D        | Reached skill level 15 in Stealth
   346 | D        | Reached XP level 6. HP: 33/33 MP: 5/7
   373 | D        | Found Fewiod's Book Shop.
   374 | D        | Found Zawachus's Assorted Antiques.
   379 | D        | Bought a lumpy inky potion for 22 gold pieces
   379 | D        | Bought a scroll labelled ENONALLOEF for 25 gold pieces
   379 | D        | Bought 3 scrolls labelled IGREAR GOR for 75 gold pieces
   379 | D        | Bought a scroll labelled ROYL LOLAQUCLA for 25 gold pieces
   392 | D        | Noticed a burning bush
   392 | D        | Noticed a wandering mushroom
   393 | D        | Noticed a wandering mushroom
   396 | D        | Killed a burning bush
   397 | D        | Reached skill level 17 in Stealth
   397 | D        | Killed a wandering mushroom
   398 | D        | Reached skill level 18 in Stealth
   398 | D        | Reached XP level 7. HP: 38/38 MP: 5/8
   398 | D        | Killed a wandering mushroom
   399 | D        | Reached skill level 5 in Fighting
   399 | D        | Reached skill level 5 in Throwing
   399 | D        | Reached skill level 19 in Stealth
   413 | D        | Found Jilerch's Distillery.
   413 | D        | Found Vasixall's Antique Armour Shoppe.
   420 | D        | Bought a runed scarf for 160 gold pieces
   422 | D        | Bought a potion of might for 56 gold pieces
   422 | D        | Bought a potion of curing for 42 gold pieces
   422 | D        | Bought a potion of curing for 42 gold pieces
   490 | D        | Reached XP level 8. HP: 43/43 MP: 6/9
   496 | D        | Noticed a queen bee
   503 | D        | Killed a queen bee
   504 | D        | Reached skill level 20 in Stealth
   506 | D        | Reached skill level 5 in Evocations
   572 | D        | Noticed an oklob plant
   575 | D        | Killed an oklob plant
   576 | D        | Reached skill level 5 in Short Blades
   576 | D        | Reached skill level 21 in Stealth
   652 | D        | Noticed a burning bush
   655 | D        | Killed a burning bush
   656 | D        | Reached XP level 9. HP: 48/48 MP: 7/10
   715 | D        | Noticed a burning bush
   715 | D        | Noticed an oklob plant
   716 | D        | Noticed a wandering mushroom
   717 | D        | Killed a burning bush
   718 | D        | Reached skill level 22 in Stealth
   722 | D        | Killed an oklob plant
   723 | D        | Reached skill level 10 in Dodging
   726 | D        | Killed a wandering mushroom
   727 | D        | Reached skill level 23 in Stealth
   793 | D        | Noticed a spriggan druid
   794 | D        | Killed a spriggan druid
   884 | D        | Noticed an oklob plant conjurer
   885 | D        | Killed an oklob plant conjurer
  1059 | D        | Noticed an oklob plant
  1059 | D        | Noticed an oklob plant summoner
  1060 | D        | Noticed an oklob plant shifter
  1068 | D        | Killed an oklob plant
  1069 | D        | Reached skill level 24 in Stealth
  1069 | D        | Reached XP level 10. HP: 16/55 MP: 9/11
  1078 | D        | Killed an oklob plant shifter
  1086 | D        | Splashed by an oklob plant summoner's acid

Illustrated notes

Levels and vault maps discovered:
D:        dungeon_sprint_fedhas [sprint_temple]

Skill      XL: |  1  2  3  4  5  6  7  8  9 10 |
---------------+-------------------------------+-----
Dodging        | 2 3 4 5 7 8 9 10 11 | 11.0
Stealth        | 8 9 12 13 15 18 19 21 24 | 24.4
Fighting       | 2 3 4 5 6 7 |  7.1
Throwing       | 3 4 5 |  5.6
Short Blades   | 3 4 5 6 |  6.1
Evocations     | 2 3 4 6 9 |  9.3

Action                   |  1- 3 |  4- 6 |  7- 9 | 10-12 || total
-------------------------+-------+-------+-------+-------++-------
Melee: Dagger            |     5 |     7 |    21 |    12 ||    45
Throw: Dart              |    10 |       |       |       ||    10
 Abil: Evoke Invisibilit |       |     3 |     7 |       ||    10
  Use: Potion            |     1 |       |     1 |       ||     2
       Scroll            |       |       |     3 |       ||     3
 Stab: Sleeping          |     1 |     7 |    17 |       ||    25
       Invisible         |       |       |     2 |     1 ||     3
Armor: Robe              |       |       |     1 |     1 ||     2
Dodge: Dodged            |     3 |       |       |     3 ||     6
Block: Buckler           |       |       |       |     2 ||     2
